 Dungeon Crawl Stone Soup version 0.30.1-11-g7821555f0a (webtiles) character file.

Game seed: 13554515005535844663

165 porpoise the Shooter (level 5, -2/33 HPs)
             Began as a Kobold Hunter on Dec 5, 2023.
             Killed from afar by an orc wizard (8 damage)
             ... with a magic dart
             ... on level 3 of the Dungeon.
             The game lasted 00:04:10 (1721 turns).

porpoise the Shooter (Kobold Hunter)                Turns: 1721, Time: 00:04:11

Health: -2/33      AC:  5    Str:  8    XL:     5   Next: 74%
Magic:  5/5        EV: 14    Int: 10    God:
Gold:   145        SH:  0    Dex: 21    Spells: 1/4 levels left

rFire   . . .        a - +0 shortbow
rCold   . . .        (shield currently unavailable)
rNeg    . . .        c - +0 leather armour
rPois   .            (no helmet)
rElec   .            (no cloak)
rCorr   +            r - +0 pair of gloves
SInv    .            e - +0 pair of boots
Will    .....        (no amulet)
Stlth   ++           h - ring of resist corrosion
HPRegen 0.25/turn    (no ring)
MPRegen 0.09/turn

%: no passive effects
@: confused, mighty
A: small, no large weapons, nightstalker 3
a: no special abilities


You were on level 3 of the Dungeon.
You visited 1 branch of the dungeon, and saw 3 of its levels.

You collected 145 gold pieces.

Inventory:

Hand Weapons
 a - a +0 shortbow (weapon)
Missiles
 i - 4 poisoned darts
Armour
 c - a +0 leather armour (worn)
 e - a +0 pair of boots (worn)
 r - a +0 pair of gloves (worn)
Magical Staves
 m - a staff of earth
Jewellery
 h - a ring of resist corrosion (left hand)
 p - an amulet of faith
Scrolls
 b - 4 scrolls of immolation
 d - 2 scrolls of identify
 g - a scroll of magic mapping {unknown}
 j - a scroll of brand weapon {unknown}
 l - 2 scrolls of amnesia {unknown}
 n - a scroll of noise {unknown}
 o - a scroll of blinking {unknown}
 q - a scroll of teleportation {unknown}
 s - a scroll of fog {unknown}
Potions
 f - a potion of might
 k - a potion of berserk rage


   Skills:
 + Level 3.8 Fighting
 * Level 7.7 Ranged Weapons
 - Level 2.4 Dodging
 - Level 1.3 Stealth


You had one spell level left.
You knew the following spells:

 Your Spells              Type           Power      Damage    Failure   Level
a - Portal Projectile     Hex/Tloc       0%         N/A       86%         3

Your spell library contained the following spells:

 Spells                   Type           Power      Damage    Failure   Level
 Magic Dart               Conj           0%         1d3       50%         1
 Call Imp                 Summ           0%         N/A       63%         2
 Mephitic Cloud           Conj/Pois/Air  0%         N/A       86%         3
 Tukima's Dance           Hex            0%         N/A       86%         3
 Blade Hands              Tmut           0%         N/A       100%        5


Dungeon Overview and Level Annotations

Branches:
Dungeon (3/15)

Altars:


Innate Abilities, Weirdness & Mutations

You are small and have problems with some larger weapons.
You are completely attuned to the shadows.


Message History

You shoot an arrow. The arrow hits the orc.
The orc is moderately wounded.
The orc hits you with a +0 club.
An orc comes into view. It is wielding a +0 whip.
The orc barely misses you.
You shoot an arrow. The arrow barely misses the orc.
The orc hits you with a +0 club.
You shoot an arrow. The arrow hits the orc!
You kill the orc!
An orc comes into view. It is wielding a +0 whip.
The orc barely misses you.
You see here a +0 club.
You shoot an arrow. The arrow closely misses the orc.
The arrow hits the orc but does no damage.
The orc closely misses you.
You shoot an arrow. The arrow hits the orc.
The orc is severely wounded.
An orc wizard comes into view. It is wielding a +0 dagger.
The orc hits you with a +0 whip.
* * * LOW HITPOINT WARNING * * *
You shoot an arrow. The arrow hits the orc!
You kill the orc!
The orc misses you. The orc completely misses you.
You shoot an arrow. The arrow hits the orc.
The orc is moderately wounded.
The orc hits you but does no damage. The orc wizard casts a spell at you.
The puff of flame hits you.
* * * LOW HITPOINT WARNING * * *
You shoot an arrow. The arrow hits the orc.
The orc is almost dead.
The orc completely misses you.
The orc wizard gestures at you while chanting.
You are confused.
You feel very mighty all of a sudden. The orc hits you but does no damage.
You miss the orc wizard. The orc barely misses you.
The orc wizard gestures at you while chanting.
The magic dart hits you!
You die...

...........#
...........#
...........#
#....)....†....#
#........#####.#
#........# #.##
#........# #..#
#....)...# #..##
#...@)...#
#...####
#.)oo....#
#.#.....
#........#
#.####..
#.######## ##
###.# #. .≈.
#...# ...# #.###
.≈.≈###.# #
≈.≈.....# #
..##.#### #


You could see an orc wizard and an orc.

Vanquished Creatures
  An orc priest (D:3)
  An orc wizard (D:3)
  4 gnolls
  2 adders
  2 worms (D:2)
  A dart slug (D:1)
  5 orcs (D:3)
  4 endoplasms
  2 giant cockroaches
  5 goblins
  3 hobgoblins
  2 jackals (D:3)
  2 kobolds (D:1)
  2 quokkas
  2 ball pythons (D:2)
  5 frilled lizards
  3 rats
46 creatures vanquished.

Notes
Turn   | Place    | Note
-------+----------+-------------------------------------------
     0 | D:1      | porpoise the Kobold Hunter began the quest for the Orb.
     0 | D:1      | Reached XP level 1. HP: 12/12 MP: 1/1
   145 | D:1      | Reached XP level 2. HP: 18/18 MP: 2/2
   255 | D:1      | Reached skill level 6 in Ranged Weapons
   255 | D:1      | Reached XP level 3. HP: 16/22 MP: 3/3
   879 | D:2      | Found a faded altar of an unknown god.
  1306 | D:2      | Reached XP level 4. HP: 28/28 MP: 4/4
  1389 | D:3      | Learned a level 3 spell: Portal Projectile
  1531 | D:3      | Reached skill level 7 in Ranged Weapons
  1672 | D:3      | Reached XP level 5. HP: 28/32 MP: 5/5
  1721 | D:3      | Killed from afar by an orc wizard

Illustrated notes

Levels and vault maps discovered:
D:1:      matt_arrival_los_fun, layout_rooms, minmay_pentomino_u2
D:2:      layout_basic, shapermc_ecumenical_altar_venn
D:3:      layout_basic, nicolae_ru_path_of_blood, mainiacjoe_overflow_brackets,
          minmay_tree_intersection, kennysheep_generic_room_11

Skill      XL: |  1  2  3  4 |
---------------+-------------+-----
Ranged Weapons | 6 7 |  7.7
Fighting       | 3 |  3.8
Dodging        | |  2.4
Stealth        | |  1.3

Action                     |  1- 3 |  4- 6 || total
---------------------------+-------+-------++-------
  Melee: Shortbow          |       |     1 ||     1
   Fire: Shortbow          |    67 |    56 ||   123
    Use: Scroll            |     2 |       ||     2
         Potion            |       |     1 ||     1
 Armour: Leather armour    |     3 |     5 ||     8
  Dodge: Dodged            |    12 |    41 ||    53
